 Dungeon Crawl Stone Soup version 0.26.1-11-gd32895ea62 (webtiles) character file.

Game seed: 13947944558064733641

277 Zeld the Changer (level 6, -1/49 HPs)
             Began as an Octopode Transmuter on May 26, 2021.
             Was an Initiate of Gozag.
             Slain by a hound (2 damage)
             ... on level 7 of the Dungeon.
             The game lasted 00:06:03 (5628 turns).

Zeld the Changer (Octopode Transmuter)              Turns: 5628, Time: 00:06:04

Health: -1/49      AC:  5    Str: 11    XL:     6   Next: 25%
Magic:  9/11       EV: 11    Int: 15    God:    Gozag
Gold:   64         SH:  0    Dex: 13    Spells: 2/12 levels left

rFire    x . .     SeeInvis .     - Unarmed
rCold    + + +     Faith    .   (shield currently unavailable)
rNeg     . . .     Spirit   .   (helmet currently unavailable)
rPois    +         Reflect  .   (no amulet)
rElec    .         Harm     .   (no ring)
rCorr    .         Rampage  .   (no ring)
Will     .....                  (no ring)
Stlth    +.........             (no ring)
HPRegen  0.16/turn              (no ring)
MPRegen  0.12/turn              (no ring)
                                (no ring)
                                (no ring)

@: brilliant, lethally poisoned (-1 -> -6), ice-form, gold aura, hasted, very
quick
A: large, almost no armour, stealthy swim, amphibious, 8 rings, (constrict 8)
a: End Transformation, Renounce Religion, Potion Petition, Call Merchant, Bribe
Branch


You were on level 7 of the Dungeon.
You worshipped Gozag.
Gozag was noncommittal.
You were a creature of crystalline ice.
You visited 1 branch of the dungeon, and saw 5 of its levels.

You collected 511 gold pieces.
You paid 447 gold pieces to Gozag.

Inventory:

Wands
 m - a wand of iceblast (9)
Scrolls
 a - a scroll of identify
 e - 5 scrolls of remove curse
 j - 3 scrolls of magic mapping
 p - 2 scrolls of amnesia
Potions
 b - a potion of cancellation {unknown}
 c - a potion of heal wounds {unknown}
 d - a potion of flight {unknown}
 g - a potion of degeneration {unknown}
 i - 3 potions of ambrosia {unknown}
 k - a potion of lignification {unknown}
 n - a potion of brilliance {unknown}


   Skills:
 + Level 2.6 Fighting
 + Level 3.0 Dodging
 - Level 3.0 Unarmed Combat
 * Level 3.7 Spellcasting
 * Level 3.9 Transmutations


You had 2 spell levels left.
You knew the following spells:

 Your Spells              Type           Power        Failure   Level
a - Beastly Appendage     Tmut           42%          3%          1
b - Wereblood             Tmut           21%          5%          2
c - Spider Form           Tmut/Pois      6%           26%         3
d - Ice Form              Ice/Tmut       13%          63%         4

Your spell library contained the following spells:

 Spells                   Type           Power        Failure   Level
 Confusing Touch          Hex            4%           50%         3
 Gell's Gravitas          Tloc           2%           50%         3
 Petrify                  Tmut/Erth      13%          63%         4
 Blade Hands              Tmut           10%          71%         5
 Yara's Violent Unravell  Hex/Tmut       6%           93%         5
 Metabolic Englaciation   Hex/Ice        2%           99%         5


Dungeon Overview and Level Annotations

Branches:
Dungeon (4/15)
 Temple: D:4-7

Altars:
Ashenzari
Gozag
Qazlal
Wu Jian

Shops:
D:2 *


Innate Abilities, Weirdness & Mutations

You cannot wear most types of armour.
You are very stealthy in the water. (Stealth+)
You are amphibious.
You can wear up to eight rings at the same time.
((You can use your tentacles to constrict eight enemies at once.))
((Your skin changes colour to match your surroundings (Stealth+).))
((Your rubbery body absorbs attacks. (AC +1, EV +1)))


Message History

You feel sick. The adder bites you but does no damage.
The worker ant bites you.
* * * LOW HITPOINT WARNING * * *
You are lethally poisoned!
The worker ant poisons you! The hound bites you but does no damage.
You barely miss the adder.
The adder is almost dead.
The adder bites you.
* * * LOW HITPOINT WARNING * * *
Unknown command.
You hit the adder. You freeze the adder.
You kill the adder!
* * * LOW HITPOINT WARNING * * *
You feel sick. The hound bites you but does no damage.
The worker ant misses you.
Unknown command.
You hit the worker ant but do no damage.
The hound bites you.
You die...
Your body crumbles into a pile of gold.

.....## ...
...... #....
#....## .##B..
#..... ......
#....
......##...#####
...............##
...........h....#
...........$Y..##
...........B..##
........#######
.#...#### ##. #


You could see a hound and a worker ant.

Vanquished Creatures
  A centaur skeleton (D:4)
  An orc priest (D:2)
  A gnoll shaman (D:4)
  A hound skeleton (D:4)
  Robin (D:2)
  3 gnolls (D:4)
  5 adders
  2 adder skeletons (D:4)
  2 worms
  2 dart slugs
  5 leopard geckos
  3 orcs
  2 giant cockroaches
  15 goblins
  8 hobgoblins
  6 jackals (D:3)
  2 kobolds
  3 quokkas
  A bat (D:1)
  5 frilled lizards
  4 rats
73 creatures vanquished.

Notes
Turn   | Place    | Note
-------+----------+-------------------------------------------
     0 | D:1      | Zeld the Octopode Transmuter began the quest for the Orb.
     0 | D:1      | Reached XP level 1. HP: 13/13 MP: 3/3
   386 | D:1      | Reached XP level 2. HP: 18/18 MP: 3/5
   389 | D:1      | Learned a level 2 spell: Wereblood
  1205 | D:2      | Reached XP level 3. HP: 23/23 MP: 4/6
  1209 | D:2      | Learned a level 3 spell: Spider Form
  1232 | D:2      | Found an opulent altar of Gozag.
  1238 | D:2      | Found Gozag's Platinum Reserve.
  1245 | D:2      | Became a worshipper of Gozag Ym Sagoz the Greedy
  1538 | D:2      | Found an ornate altar of the Wu Jian Council.
  1915 | D:2      | Found a broken altar of Ashenzari.
  2346 | D:2      | Noticed Robin
  2352 | D:2      | Reached XP level 4. HP: 29/29 MP: 6/8
  2366 | D:2      | Killed Robin
  3264 | D:2      | Reached XP level 5. HP: 4/34 MP: 5/9
  3813 | D:3      | Found a stormy altar of Qazlal.
  4224 | D:4      | Learned a level 4 spell: Ice Form
  4603 | D:4      | Reached XP level 6. HP: 34/41 MP: 7/11
  5002 | D:4      | You fall into a shaft and drop 3 floors!
  5597 | D:7      | Noticed an orc warrior
  5626 | D:7      | HP: 2/49 [adder (1)]
  5628 | D:7      | Slain by a hound

Illustrated notes

Levels and vault maps discovered:
D:1:      dpeg_arrival_radiant, layout_basic
D:2:      layout_loops_corners, evilmike_ruin_ashenzari, marbit_many_paths,
          nicolae_gozag_zags_fifth_avenue, uniq_robin
D:3:      layout_basic, nicolae_qazlal_general_emergency
D:4:      layout_loops_cross, gammafunk_ghost_arena
D:7:      layout_cave_pools, nemelex_xobeh_ov_fountains_minmay,
          minmay_checkerbox

Skill      XL: |  1  2  3  4  5  6 |
---------------+-------------------+-----
Transmutations | 3 |  3.9
Spellcasting   | 3 |  3.7
Fighting       | 2 |  2.6
Dodging        | 3 |  3.0
Unarmed Combat | |  3.0

Action                   |  1- 3 |  4- 6 || total
-------------------------+-------+-------++-------
Melee: Unarmed           |    71 |   113 ||   184
       Constrict         |    24 |    21 ||    45
       Kick              |    16 |    11 ||    27
       Tentacles         |     8 |    11 ||    19
       Punch             |     2 |     2 ||     4
 Cast: Beastly Appendage |    30 |    17 ||    47
       Spider Form       |       |     5 ||     5
       Wereblood         |       |     1 ||     1
       Ice Form          |       |     1 ||     1
Invok: Potion Petition   |       |     1 ||     1
  Use: Scroll            |       |     9 ||     9
 Stab: Sleeping          |     3 |     1 ||     4
       Distracted        |     1 |       ||     1
Armor: Skin              |     5 |    14 ||    19
Dodge: Dodged            |    50 |   109 ||   159
